 Dungeon Crawl Stone Soup version 0.17-a0-1882-g750edc8 (webtiles) character file.

566 GrandHerb the Poker (level 7, -1/43 HPs)
             Began as a Tengu Gladiator on Sept 22, 2015.
             Slain by Menkaure (17 damage)
             ... on level 5 of the Dungeon.
             The game lasted 00:34:49 (4358 turns).

GrandHerb the Poker (Tengu Gladiator)               Turns: 4358, Time: 00:34:50

Health: -1/43      AC:  6    Str: 15    XL:     7   Next: 32%
Magic:  8/8        EV: 15    Int:  8    God:
Gold:   195        SH:  0    Dex: 17    Spells: 0 memorised, 6 levels left

rFire  . . .     SeeInvis .     a - +0 trident
rCold  . . .     Clarity  .     p - +0 ring mail
rNeg   . . .     SustAt   .     (no shield)
rPois  +         Gourm    .     c - +0 hat
rElec  .         Spirit   .     (no cloak)
rCorr  .         Warding  .     m - +0 pair of gloves
rMut   .         Stasis   .     (boots unavailable)
MR     .....                    (no amulet)
Stlth  +.........               z - ring of poison resistance
                                s - +2 ring of evasion

@: not resistant to hostile enchantments, very unstealthy
A: beak, talons 3, able to fly 1
a: Fly


You were on level 5 of the Dungeon.
You were not hungry.

You visited 1 branch of the dungeon, and saw 5 of its levels.

You collected 195 gold pieces.

Inventory:

Hand weapons
 a - a +0 trident (weapon)
Missiles
 d - 3 throwing nets (quivered)
Armour
 c - a +0 hat (worn)
 m - a +0 pair of gloves (worn)
 p - a +0 ring mail (worn)
Jewellery
 b - an uncursed ring of protection from magic
 s - a +2 ring of evasion (left hand)
 v - an uncursed ring of sustain attributes
 z - a ring of poison resistance (right hand)
Magical devices
 u - a wand of paralysis (9)
Scrolls
 f - a scroll of remove curse
 l - 4 scrolls of identify
 n - a scroll of amnesia {unknown}
 o - a scroll of teleportation {unknown}
 q - a scroll of random uselessness {unknown}
 w - a scroll of fear {unknown}
 y - 2 scrolls of blinking {unknown}
 B - a scroll of recharging {unknown}
 D - a scroll of enchant armour {unknown}
Potions
 g - a potion of cure mutation {unknown}
 k - 2 potions of mutation
 r - a potion of brilliance {unknown}
 t - a potion of heal wounds {unknown}
 x - a potion of curing
 A - a potion of resistance {unknown}
Comestibles
 e - 4 bread rations
 h - 2 slices of pizza
 i - a beef jerky
 j - a royal jelly


   Skills:
 + Level 4.0 Fighting
 + Level 5.0 Polearms
 + Level 4.0 Throwing
 + Level 3.2 Armour
 + Level 4.9 Dodging


You had 6 spell levels left.
You didn't know any spells.

Dungeon Overview and Level Annotations

Branches:
Dungeon (5/15)
 Temple: D:4-7

Altars:
Dithmenos
Elyvilon
Fedhas
Gozag

Annotations:
D:5 Menkaure


Innate Abilities, Weirdness & Mutations

You have a beak for a mouth.
You have claws for feet.
You can fly.


Message History

Menkaure barely misses you. x2
You hit Menkaure. You peck Menkaure.
Menkaure is severely damaged.
Menkaure hits you!!
You closely miss Menkaure. You peck Menkaure, but do no damage.
Menkaure is severely damaged.
Menkaure closely misses you.
You hit Menkaure. You claw Menkaure.
Menkaure is almost destroyed.
Menkaure points at you and mumbles some strange words.
Pain shoots through your body!
You barely miss Menkaure.
Menkaure is almost destroyed.
Menkaure barely misses you.
You hit Menkaure. Your kick misses Menkaure.
You peck Menkaure, but do no damage.
Menkaure is almost destroyed.
Menkaure's bandages flutter.
Menkaure hits you!
You die...

....#
##....###
#.......
#.....#
#.....#
#.....#
#M....#
#@# #.#
#.# #.#
#.# #.#
#.# #.#
#.#


You could see Menkaure.

Vanquished Creatures
  Blork the orc (D:4)
  A scorpion (D:4)
  2 hounds (D:4)
  A giant frog zombie (D:3)
  3 orc wizards
  3 iguanas
  A hound skeleton (D:4)
  4 adders
  3 gnolls (D:2)
  3 worms
  A giant gecko (D:1)
  11 orcs
  8 bats
  2 giant cockroaches
  11 goblins
  11 hobgoblins
  8 jackals
  9 kobolds
  2 quokkas (D:2)
  2 ball pythons
  5 giant newts
  6 rats
98 creatures vanquished.

Notes
Turn   | Place    | Note
--------------------------------------------------------------
     0 | D:1      | GrandHerb the Tengu Gladiator began the quest for the Orb.
     0 | D:1      | Reached XP level 1. HP: 12/12 MP: 2/2
    34 | D:1      | Reached XP level 2. HP: 8/17 MP: 3/3
   623 | D:1      | Reached XP level 3. HP: 21/21 MP: 4/4
   668 | D:1      | Reached skill level 1 in Armour
  1063 | D:2      | Found an opulent altar of Gozag.
  1168 | D:2      | Reached XP level 4. HP: 18/27 MP: 5/5
  1541 | D:2      | Reached skill level 4 in Polearms
  1737 | D:2      | Found a shadowy altar of Dithmenos.
  2258 | D:3      | Gained mutation: You can fly. [Tengu growth]
  2258 | D:3      | Reached XP level 5. HP: 32/32 MP: 6/6
  2982 | D:3      | Reached XP level 6. HP: 24/37 MP: 7/7
  3462 | D:4      | Found a white marble altar of Elyvilon.
  3575 | D:4      | Found a blossoming altar of Fedhas.
  3602 | D:4      | Found a blossoming altar of Fedhas.
  3953 | D:4      | Noticed Blork the orc
  3967 | D:4      | Killed Blork the orc
  3967 | D:4      | Reached XP level 7. HP: 26/42 MP: 8/8
  3973 | D:4      | Reached skill level 5 in Polearms
  4272 | D:5      | Entered Level 5 of the Dungeon
  4282 | D:5      | Noticed Menkaure
  4358 | D:5      | Slain by Menkaure

Vault maps used:
D:1:      minmay_arrival_checkered_box
D:2:      lemuel_round_altar, nicolae_gozag_seed_capital
D:3:      first_bread
D:4:      kennysheep_mini, lemuel_round_altar, fedhas_altar_2,
          uniq_blork_the_orc
D:5:      serial_shops, shop, nicolae_shop_behind_doors,
          nicolae_shop_scaring_up_business,
          nicolae_shop_competitors_out_of_business, nicolae_shop_crystal,
          minmay_liquid_box, guppyfry_early_orc_mine, uniq_eustachio,
          uniq_menkaure

Action                   |  1- 3 |  4- 6 |  7- 9 || total
-------------------------+-------+-------+-------++-------
Melee: Trident           |    83 |   207 |    41 ||   331
  Use: Scroll            |       |     2 |     2 ||     4
       Potion            |       |     1 |       ||     1
 Stab: Sleeping          |     1 |     1 |       ||     2
  Eat: Chunk             |     1 |     7 |     3 ||    11
